 Dungeon Crawl Stone Soup version 0.29.1-15-g9cfb28693d (webtiles) character file.

Game seed: 17058025478333099332

242 ThatPearl the Gusty (level 5, 0/42 HPs)
             Began as a Demigod Air Elementalist on Mar 19, 2023.
             Slain by a hound (5 damage)
             ... on level 4 of the Dungeon.
             The game lasted 00:15:06 (4245 turns).

ThatPearl the Gusty (Demigod Air Elementalist)      Turns: 4245, Time: 00:15:06

Health: 0/42       AC:  2    Str:  9    XL:     5   Next: 51%
Magic:  16/21      EV: 12    Int: 21    God:
Gold:   184        SH:  0    Dex: 14    Spells: 2/10 levels left

rFire   . . .      SeeInvis .   g - +2 dagger (protect)
rCold   . . .      Faith    .   (no shield)
rNeg    . . .      Spirit   .   a - +0 robe
rPois   .          Reflect  .   (no helmet)
rElec   .          Harm     .   (no cloak)
rCorr   .          Rampage  .   (no gloves)
Will    .....                   (no boots)
Stlth   ++........              (no amulet)
HPRegen 0.14/turn               o - ring of magical power
MPRegen 0.17/turn               (no ring)

@: no status effects
A: high MP 1, forlorn, divine attributes
a: no special abilities


You were on level 4 of the Dungeon.
You visited 1 branch of the dungeon, and saw 4 of its levels.

You collected 184 gold pieces.

Inventory:

Hand Weapons
 f - a +0 spear
 g - a +2 dagger of protection (weapon)
 r - a +0 sling
 y - a +0 short sword of holy wrath
Missiles
 e - 17 stones
 n - 6 poisoned darts
Armour
 a - a +0 robe (worn)
Jewellery
 o - a ring of magical power (left hand)
Scrolls
 j - a scroll of blinking {unknown}
 k - 2 scrolls of brand weapon {unknown}
 p - 2 scrolls of identify
 q - a scroll of enchant armour {unknown}
 s - a scroll of noise
 t - 2 scrolls of enchant weapon {unknown}
 v - a scroll of acquirement {unknown}
 w - 2 scrolls of teleportation {unknown}
 x - a scroll of vulnerability {unknown}
Potions
 b - 3 potions of magic
 c - 4 potions of might
 d - 2 potions of degeneration {unknown}
 h - 2 potions of curing
 i - 3 potions of heal wounds {unknown}
 l - a potion of berserk rage {unknown}
 m - a potion of mutation {unknown}
 u - a potion of cancellation {unknown}


   Skills:
 + Level 2.3 Fighting
 - Level 1.7 Dodging
 - Level 1.7 Stealth
 + Level 3.0 Spellcasting
 + Level 2.6 Conjurations
 + Level 3.7 Air Magic


You had 2 spell levels left.
You knew the following spells:

 Your Spells              Type           Power      Damage    Failure   Level
b - Ensorcelled Hibernat  Hex/Ice        6%         N/A       21%         2
d - Static Discharge      Conj/Air       16%        3-5/arc   5%          2
f - Swiftness             Air            18%        N/A       9%          3
s - Shock                 Conj/Air       64%        1d7       3%          1

Your spell library contained the following spells:

 Spells                   Type           Power      Damage    Failure   Level
 Passwall                 Tmut/Erth      2%         N/A       21%         2
 Airstrike                Air            9%         2d(2-18)  28%         4
 Malign Gateway           Summ/Tloc      1%         N/A       100%        7
 Summon Horrible Things   Summ           1%         N/A       100%        8


Dungeon Overview and Level Annotations

Branches:
Dungeon (4/15)
 Temple: D:4-7

Annotations:
D:3 1 runed translucent door, Crazy Yiuf
D:4 Menkaure


Innate Abilities, Weirdness & Mutations

You have an increased reservoir of magic. (+10% MP)
You shall have no god before yourself.
Your divine heritage dramatically boosts your attributes as you level up.


Message History

Press: ? - help, Q - select action, (/) - cycle Shift-Dir - straight line The zap hits the iguana.
You kill the iguana!
Your Spellcasting skill increases to level 3!
Unknown command.
There is a broken door here.
There is an open door here.
The hound barks!
Aiming: Shock (safe; 3% risk of failure)
Press: ? - help, Q - select action, (/) - cycle Shift-Dir - straight line, f - hound
Aim: a hound (60% to hit)
Okay, then.
The hound barely misses you. The hound attacks as you move away!
The hound bites you. x2
The hound attacks as you move away! The hound bites you.
Menkaure, Prince of Dust comes into view.
Menkaure shouts!
Aiming: Shock (safe; 3% risk of failure)
Press: ? - help, Q - select action, (/) - cycle Shift-Dir - straight line The zap hits the hound.
The hound is moderately wounded.
The zap hits the hound.
The hound is moderately wounded.
The hound bites you. The hound closely misses you.
Menkaure gestures at you while chanting.
Pain shoots through your body!
* * * LOW HITPOINT WARNING * * *
The hound bites you.
* * * LOW HITPOINT WARNING * * *
The hound attacks as you move away! The hound bites you.
* * * LOW HITPOINT WARNING * * *
The hound bites you.
* * * LOW HITPOINT WARNING * * *
Menkaure gestures wildly while chanting.
Menkaure seems to speed up.
Menkaure murmurs, "It doesn't hurt if you pull your brain out of your nose yourself."
The hound misses you. The hound bites you but does no damage.
The hound bites you.
You die...

#..............#.
#..............'.
+M.!...........#
#.....$........###
#..............#..
#................8
#....##'#......#
#h...#..'......###
#@...#..#..†...#..
#....#..#......'..
#....#..#......#.!
+....#..#......#..
#....####......##'
#..... ###.......
#...... #.......
+......# #....†..
#.......


You could see Menkaure (fast) and a hound.

Vanquished Creatures
  An orc priest (D:4)
  2 iguanas (D:4)
  7 adders
  2 ufetubi (D:4)
  A worm (D:3)
  5 dart slugs
  5 orcs
  9 bats
  3 endoplasms
  A giant cockroach (D:1)
  3 goblins
  7 hobgoblins
  6 jackals
  5 kobolds
  5 quokkas
  A ball python (D:3)
  6 frilled lizards
  3 rats
72 creatures vanquished.

Vanquished Creatures (others)
  4 fungi (D:1)
  5 toadstools (D:1)
9 creatures vanquished.

Grand Total: 81 creatures vanquished

Notes
Turn   | Place    | Note
-------+----------+-------------------------------------------
     0 | D:1      | ThatPearl the Demigod Air Elementalist began the quest for
                  | the Orb.
     0 | D:1      | Reached XP level 1. HP: 14/14 MP: 5/5
    80 | D:1      | Reached skill level 1 in Conjurations
   270 | D:1      | Reached XP level 2. HP: 22/22 MP: 1/7
   346 | D:1      | Learned a level 2 spell: Static Discharge
   663 | D:1      | Reached skill level 1 in Fighting
  1331 | D:2      | Reached XP level 3. HP: 28/28 MP: 8/8
  1338 | D:2      | Learned a level 3 spell: Swiftness
  2172 | D:2      | Reached XP level 4. HP: 35/35 MP: 9/10
  3241 | D:3      | Found a runed translucent door.
  3242 | D:3      | Noticed Crazy Yiuf
  3248 | D:3      | Learned a level 2 spell: Ensorcelled Hibernation
  3914 | D:4      | Reached XP level 5. HP: 19/41 MP: 12/12
  4238 | D:4      | Noticed Menkaure
  4245 | D:4      | Slain by a hound

Illustrated notes

Levels and vault maps discovered:
D:1:      dpeg_arrival_arbitrary_b, layout_basic, chequers_serial_rivers_room_a,
          minmay_gold_behind_fungi
D:2:      minmay_spotlight, layout_basic, shapermc_ecumenical_altar_notcrosses,
          grunt_ministairs_5
D:3:      layout_basic, mainiacjoe_overflow_brackets, uniq_crazy_yiuf_cottage
D:4:      layout_gridville, minmay_temple_entry_antechambers,
          nicolae_ossuary_entry_plus, uniq_menkaure, uniq_pikel

Skill      XL: |  1  2  3  4  5 |
---------------+----------------+-----
Conjurations   | 1 2 |  2.6
Spellcasting   | 2 3 |  3.0
Air Magic      | 3 |  3.7
Fighting       | 1 2 |  2.3
Dodging        | |  1.7
Stealth        | |  1.7

Action                   |  1- 3 |  4- 6 || total
-------------------------+-------+-------++-------
Melee: Unarmed           |     6 |       ||     6
       Dagger            |    15 |    22 ||    37
 Cast: Shock             |    87 |    66 ||   153
       Static Discharge  |       |     2 ||     2
  Use: Scroll            |       |     2 ||     2
 Stab: Sleeping          |     2 |     3 ||     5
Armor: Robe              |    15 |    11 ||    26
Dodge: Dodged            |    13 |    35 ||    48
